 Dungeon Crawl Stone Soup version 0.27.1-33-g824d729ab1 (webtiles) character file.

Game seed: 18001213042475859489

351 MisterFreud the Skirmisher (level 6, -2/58 HPs)
             Began as a Minotaur Abyssal Knight on Dec 29, 2021.
             Was a Believer of Lugonu.
             Succumbed to a water moccasin's poison
             ... on level 5 of the Dungeon.
             The game lasted 00:03:19 (3680 turns).

MisterFreud the Skirmisher (MiAK)                   Turns: 3680, Time: 00:03:20

Health: -2/58      AC: 10    Str: 16 (17) XL:     6   Next: 34%
Magic:  15/15      EV:  7    Int:  8 (9)  God:    Lugonu [**....]
Gold:   89         SH:  4    Dex:  8 (11) Spells: 5/5 levels left

rFire    . . .     SeeInvis .   a - +1 falchion
rCold    . . .     Faith    .   i - +0 buckler
rNeg     . . .     Spirit   .   u - +0 chain mail
rPois    .         Reflect  .   (helmet restricted)
rElec    .         Harm     .   (no cloak)
rCorr    .         Rampage  .   (no gloves)
Will     .....                  e - +0 pair of boots
Stlth    ..........             (no amulet)
HPRegen  0.19/turn              v - ring of magical power
MPRegen  0.14/turn              (no ring)

@: lethally poisoned (-2 -> -18)
A: horns 2, retaliatory headbutt
a: Renounce Religion, Depart the Abyss, Bend Space


You were on level 5 of the Dungeon.
You worshipped Lugonu.
Lugonu was pleased with you.
You visited 1 branch of the dungeon, and saw 5 of its levels.
You visited the Abyss 1 time.

You collected 89 gold pieces.

Inventory:

Hand Weapons
 a - a +1 falchion (weapon)
 f - a +0 short sword of venom
 s - a +3 hand axe
Missiles
 g - 14 poisoned darts
Armour
 b - a +0 leather armour
 e - a +0 pair of boots (worn)
 i - a +0 buckler (worn)
 l - a +0 scale mail
 u - a +0 chain mail (worn)
Jewellery
 v - a ring of magical power (left hand)
Wands
 o - a wand of iceblast (6)
Scrolls
 c - 5 scrolls of identify {unknown}
 j - 2 scrolls of fog {unknown}
 m - a scroll of noise {unknown}
 q - a scroll of blinking {unknown}
 t - a scroll of summoning {unknown}
Potions
 h - a potion of brilliance {unknown}
 k - 2 potions of degeneration
 n - 2 potions of flight {unknown}
 p - a potion of attraction {unknown}
 r - 3 potions of curing {unknown}


   Skills:
 + Level 6.6 Fighting
 - Level 2.4 Long Blades
 + Level 4.5 Armour
 - Level 1.1 Dodging
 + Level 3.6 Shields
 - Level 1.7 Invocations


You had 5 spell levels left.
You didn't know any spells.
Your spell library was empty.

Dungeon Overview and Level Annotations

Branches:
Dungeon (5/15)
 Temple: D:4-7

Altars:
Sif Muna


Innate Abilities, Weirdness & Mutations

You have a pair of horns on your head.
You reflexively headbutt those who attack you in melee.


Message History

The water moccasin is moderately wounded.
You feel very sick. You block the water moccasin's attack.
The water moccasin closely misses you.
You hit the water moccasin.
The water moccasin is moderately wounded.
You feel sick.
The water moccasin bites you but does no damage.
The water moccasin bites you.
You are more poisoned.
The water moccasin poisons you!
Unknown command.
You closely miss the water moccasin.
Your headbutt misses the water moccasin.
The water moccasin is moderately wounded.
You feel very sick. The water moccasin bites you.
You slash the water moccasin! You headbutt the water moccasin.
The water moccasin is severely wounded.
You feel very sick. The water moccasin closely misses you.
The water moccasin bites you but does no damage.
You miss the water moccasin.
Your headbutt misses the water moccasin.
The water moccasin is severely wounded.
You feel very sick. The water moccasin bites you.
* * * LOW HITPOINT WARNING * * *
The water moccasin bites you!
* * * LOW HITPOINT WARNING * * *
You are more poisoned.
The water moccasin poisons you!
It was a potion of degeneration.
There was something very wrong with that liquid.
You feel weakened.
You feel dopey.
You feel clumsy.
* * * LOW HITPOINT WARNING * * *
You feel very sick. The water moccasin barely misses you.
You furiously retaliate!
You headbutt the water moccasin.
It was a potion of magic.
Magic courses through your body.
You die...

..#.# #. #.#.#
... #.#.# ..#
####...###..#
####......#.[.#
............#
###.....h..#
#....#S#......
#.?..#@#......
#....#.# <....
#....#.# .....
#....#.# ....
######.# ####
#.## ###..####
#####.......#
............#


You could see a water moccasin and a jackal.

Vanquished Creatures
  A necrophage (D:4)
  3 hounds
  2 orc wizards (D:3)
  A gnoll (D:2)
  4 adders
  2 worms
  A dart slug (D:1)
  7 orcs (D:3)
  5 ball pythons
  6 bats
  4 endoplasms
  6 giant cockroaches
  A goblin (D:1)
  5 hobgoblins
  3 jackals (D:5)
  2 quokkas (D:1)
  5 frilled lizards
  7 kobolds
  4 rats (D:2)
69 creatures vanquished.

Vanquished Creatures (others)
  5 toadstools (D:1)
5 creatures vanquished.

Grand Total: 74 creatures vanquished

Notes
Turn   | Place    | Note
-------+----------+-------------------------------------------
     0 | Abyss:1  | MisterFreud the Minotaur Abyssal Knight began the quest for
                  | the Orb.
     0 | Abyss:1  | Reached XP level 1. HP: 19/19 MP: 1/1
    44 | Abyss:1  | Noticed a small abomination
    45 | D:1      | Escaped the Abyss
   155 | D:1      | Found a faded altar of an unknown god.
   175 | D:1      | Reached skill level 4 in Fighting
   410 | D:1      | Reached XP level 2. HP: 27/28 MP: 2/2
   698 | D:1      | Reached * piety under Lugonu
   703 | D:1      | Reached skill level 5 in Fighting
  1071 | D:2      | Reached XP level 3. HP: 31/36 MP: 3/3
  1437 | D:2      | Reached skill level 1 in Shields
  1537 | D:2      | Reached XP level 4. HP: 40/42 MP: 4/4
  2460 | D:3      | Reached ** piety under Lugonu
  2899 | D:3      | Reached XP level 5. HP: 50/50 MP: 5/5
  2906 | D:3      | Reached skill level 6 in Fighting
  2985 | D:3      | Found a shimmering blue altar of Sif Muna.
  3504 | D:4      | Noticed a necrophage
  3511 | D:4      | Killed a necrophage
  3512 | D:4      | Reached XP level 6. HP: 58/58 MP: 6/6
  3623 | D:5      | Entered Level 5 of the Dungeon
  3655 | D:5      | Noticed a water moccasin
  3679 | D:5      | HP: 2/58 [poisoned by a water moccasin]
  3680 | D:5      | Succumbed to a water moccasin's poison

Illustrated notes

Levels and vault maps discovered:
D:1:      ldierk_walled_garden, layout_basic, ebering_ecumenical_altar_hall
D:2:      minmay_door_path, layout_basic, minmay_tromino_v4_b
D:3:      layout_loops_corners, lemuel_blue_sif_altar, chequers_mini_garden,
          kennysheep_generic_room_8
D:4:      layout_loops_cross
D:5:      layout_rooms, uniq_grinder

Skill      XL: |  1  2  3  4  5 |
---------------+----------------+-----
Fighting       | 4 5 6 |  6.6
Shields        | 1 2 3 |  3.6
Armour         | 3 4 |  4.5
Long Blades    | |  2.4
Dodging        | |  1.1
Invocations    | |  1.7

Action                   |  1- 3 |  4- 6 || total
-------------------------+-------+-------++-------
Melee: Falchion          |    81 |   105 ||   186
       Headbutt          |     7 |    20 ||    27
Invok: Depart the Abyss  |     1 |       ||     1
  Use: Potion            |       |     2 ||     2
Armor: Leather armour    |    19 |       ||    19
       Scale mail        |     4 |    22 ||    26
       Chain mail        |       |    31 ||    31
Dodge: Dodged            |    41 |    36 ||    77
Block: Buckler           |     6 |    20 ||    26
       Rpst.: Falchion   |    12 |     9 ||    21
